 Dungeon Crawl Stone Soup version 0.26.1-11-gd32895ea62 (webtiles) character file.

Game seed: 10674370385919127402

3627 RaHiT the Covert (level 10, 0/66 HPs)
             Began as an Octopode Delver on Mar 26, 2021.
             Was a High Priest of Cheibriados.
             Slain by an orc warrior
             ... wielding a +0 glaive
              (23 damage)
             ... in a bailey on Apr 14, 2021.
             The game lasted 00:56:36 (5813 turns).

RaHiT the Covert (Octopode Delver)                  Turns: 5813, Time: 00:56:40

Health: 0/66       AC:  1    Str: 23    XL:     10   Next: 11%
Magic:  17/17      EV: 18    Int: 26    God:    Cheibriados [*****.]
Gold:   522        SH:  0    Dex: 25    Spells: 10/19 levels left

rFire    . . .     SeeInvis +   s - +3 dagger (venom)
rCold    . . .     Faith    .   (no shield)
rNeg     . . .     Spirit   .   (helmet restricted)
rPois    .         Reflect  .   (no amulet)
rElec    .         Harm     .   t - ring of see invisible
rCorr    .         Rampage  .   (no ring)
Will     .....                  (no ring)
Stlth    +++++.....             (no ring)
HPRegen  0.21/turn              (no ring)
MPRegen  0.15/turn              (no ring)
                                (no ring)
                                (no ring)

@: very slow
A: almost no armour, stealthy swim, amphibious, 8 rings, constrict 8, camouflage
1, gelatinous body 1
a: Renounce Religion, Bend Time, Temporal Distortion, Slouch, Step From Time


You were in a bailey.
You worshipped Cheibriados.
Cheibriados was extremely pleased with you.
You visited 1 branch of the dungeon, and saw 8 of its levels.
You also visited: Bailey.

You collected 522 gold pieces.

Inventory:

Hand Weapons
 c - a +1 dagger of electrocution
 l - a +3 dagger of holy wrath
 s - a +3 dagger of venom (weapon)
Missiles
 i - 175 stones
 o - 176 arrows
 u - 6 boomerangs
 v - 74 bolts
 w - 23 sling bullets
 y - 2 poisoned darts (quivered)
 C - 2 javelins
Armour
 A - a cursed +0 buckler
Jewellery
 t - a ring of see invisible (left tentacle)
Wands
 e - a wand of digging (11)
 f - a wand of disintegration (10)
 m - a wand of paralysis (5)
 n - a wand of flame (3)
Scrolls
 a - 3 scrolls of enchant armour
 b - a scroll of magic mapping
 g - a scroll of enchant weapon
 p - 5 scrolls of remove curse
 r - 4 scrolls of teleportation
Potions
 d - 2 potions of haste
 h - a potion of cancellation
 j - 2 potions of lignification
 k - a potion of mutation {unknown}
 q - a potion of brilliance {unknown}
 x - a potion of ambrosia {unknown}
 z - 2 potions of flight
 B - a potion of attraction {unknown}


   Skills:
 - Level 5.0 Fighting
 - Level 3.0 Throwing
 - Level 5.0 Dodging
 - Level 8.0 Stealth
 - Level 5.0 Unarmed Combat
 - Level 5.0 Spellcasting
 + Level 2.6 Hexes
 - Level 5.0 Transmutations
 - Level 5.0 Earth Magic
 * Level 5.5 Evocations


You had 10 spell levels left.
You knew the following spells:

 Your Spells              Type           Power        Failure   Level
a - Petrify               Tmut/Erth      32%          10%         4
b - Confusing Touch       Hex            20%          8%          3
d - Corona                Hex            22%          2%          1
o - Apportation           Tloc           12%          8%          1

Your spell library contained the following spells:

 Spells                   Type           Power        Failure   Level
 Animate Skeleton         Necr           12%          8%          1
 Summon Small Mammal      Summ           24%          8%          1
 Gell's Gravitas          Tloc           3%           22%         3
 Yara's Violent Unravell  Hex/Tmut       13%          41%         5
 Metabolic Englaciation   Hex/Ice        6%           77%         5


Dungeon Overview and Level Annotations

Branches:
Dungeon (8/15)             Temple (0/1) D:6            Lair (0/6) D:8
 Bailey (1/1)

Altars:
Cheibriados
Fedhas
Okawaru
Trog
Vehumet
Xom
Yredelemnul
The Shining One

Shops:
D:6 (

Annotations:
D:6 1 runed translucent door, ig87's ghost, novice FoFi


Innate Abilities, Weirdness & Mutations

You cannot wear most types of armour.
You are very stealthy in the water. (Stealth+)
You are amphibious.
You can wear up to eight rings at the same time.
You can use your tentacles to constrict eight enemies at once.
Your skin changes colour to match your surroundings (Stealth+).
Your rubbery body absorbs attacks. (AC +1, EV +1)


Message History

Things that are here:
a +0 halberd; a +0 ring mail; a poisoned dart The orc hits you from afar with a +0 trident!
The orc barely misses you. The orc misses you.
An orc warrior comes into view. It is wielding a +0 glaive.
The orc barely misses you.
You barely miss the orc.
The orc warrior shouts!
You grab the orc. You squeeze the orc.
The orc is severely wounded.
You constrict the orc.
You kill the orc!
Cheibriados appreciates the change of pace.
Aiming: Paralyse
Press: ? - help, Shift-Dir - straight line, f - orc warrior
Aim: an orc warrior, wielding a +0 glaive and wearing a +0 chain mail (chance to affect: 62%)
The orc warrior resists with significant effort.
The orc warrior hits you from afar with a +0 glaive!!
You die...

.#.≈.≈≈.≈...≈.≈≈.≈.#
.#.≈≈)≈.≈≈≈≈≈)≈)≈≈.#
.##)≈.≈≈...))≈≈.≈)## #
.⌠#.≈≈.≈≈≈.≈≈≈.≈≈.# ≈#
..#..≈≈..≈.≈..≈≈..# .≈#
..#.⌠.≈≈≈...≈≈≈.⌠.# ..≈#
..##....≈≈≈≈≈....##...≈#
...#####.....#####o(..≈#
......⌠#######⌠.@)....#
......).....)))....(.##
#........)...)......##
#########+++#########


You could see an orc warrior.

Vanquished Creatures
  Sigmund (D:5)
  An ice beast (D:5)
  6 orc warriors
  A sky beast (D:7)
  4 ogres
  9 centaurs
  A bullfrog (D:7)
  A gnoll sergeant (D:6)
  10 wights (D:6)
  2 howler monkeys
  A hound (D:6)
  A jelly (D:7)
  4 orc priests
  A bullfrog skeleton (D:4)
  8 orc wizards
  Jessica (D:3)
  Natasha (thrice) (D:2)
  Terence (D:2)
  An iguana (D:5)
  4 worker ants
  2 killer bee zombies
  A hound zombie (D:6)
  A worker ant zombie (D:7)
  Robin (D:3)
  6 gnolls
  6 adders
  A shadow imp (D:6)
  3 oozes
  An adder zombie (D:5)
  An adder skeleton (D:4)
  A worm (D:3)
  3 dart slugs
  A leopard gecko (D:3)
  43 orcs
  2 ball pythons
  5 bats
  5 giant cockroaches
  14 goblins
  12 hobgoblins
  2 jackals (D:4)
  2 quokkas
  5 frilled lizards
  3 kobolds
  A leopard gecko skeleton (D:5)
  A quokka skeleton (D:4)
  10 rats
  A spectral orc (D:6)
195 creatures vanquished.

Vanquished Creatures (others)
  An orc wizard (D:3)
1 creature vanquished.

Grand Total: 196 creatures vanquished

Notes
Turn   | Place    | Note
-------+----------+-------------------------------------------
     0 | D:5      | RaHiT the Octopode Delver began the quest for the Orb.
     0 | D:5      | Reached XP level 1. HP: 16/16 MP: 1/1
    44 | D:4      | Noticed an orc wizard
    50 | D:4      | Killed an orc wizard
    51 | D:4      | Reached skill level 7 in Stealth
    51 | D:4      | Reached skill level 1 in Spellcasting
    51 | D:4      | Reached skill level 1 in Evocations
    51 | D:4      | Reached XP level 2. HP: 21/21 MP: 1/3
    51 | D:4      | Reached XP level 3. HP: 26/26 MP: 1/4
    66 | D:4      | Reached XP level 4. HP: 23/31 MP: 2/5
   247 | D:4      | Reached XP level 5. HP: 20/36 MP: 6/6
   454 | D:4      | Found a snail-covered altar of Cheibriados.
   456 | D:4      | Found a blossoming altar of Fedhas.
   462 | D:4      | Became a worshipper of Cheibriados the Contemplative
   598 | D:4      | Noticed an ogre
   602 | D:4      | Killed an ogre
   603 | D:4      | Reached XP level 6. HP: 42/42 MP: 7/7
   711 | D:4      | Reached skill level 1 in Throwing
   770 | D:5      | Noticed an ice beast
   861 | D:4      | Reached * piety under Cheibriados
  1105 | D:3      | Noticed Jessica
  1134 | D:3      | You fall into a shaft and drop 1 floor!
  1143 | D:4      | Found a radiant altar of Vehumet.
  1184 | D:3      | Noticed Robin
  1280 | D:3      | Killed Jessica
  1337 | D:3      | Reached XP level 7. HP: 48/48 MP: 8/8
  1672 | D:2      | Reached ** piety under Cheibriados
  1691 | D:2      | Found a glowing golden altar of the Shining One.
  2437 | D:2      | Noticed Terence
  2438 | D:2      | Noticed Natasha
  2448 | D:2      | Killed Terence
  2460 | D:2      | Killed Natasha
  2578 | D:2      | Noticed Natasha
  2585 | D:2      | Killed Natasha
  2714 | D:2      | Noticed Natasha
  2721 | D:2      | Killed Natasha
  2778 | D:3      | Killed Robin
  2779 | D:3      | Reached skill level 5 in Dodging
  2787 | D:3      | Reached *** piety under Cheibriados
  2838 | D:5      | Learned a level 4 spell: Petrify
  2842 | D:5      | Learned a level 3 spell: Confusing Touch
  2983 | D:5      | Noticed Sigmund
  2996 | D:5      | Killed Sigmund
  2997 | D:5      | Reached skill level 5 in Fighting
  2997 | D:5      | Reached skill level 8 in Stealth
  2997 | D:5      | Reached skill level 1 in Hexes
  2997 | D:5      | Reached skill level 1 in Transmutations
  2997 | D:5      | Reached XP level 8. HP: 34/55 MP: 9/9
  3054 | D:5      | Learned a level 1 spell: Apportation
  3056 | D:5      | Learned a level 1 spell: Corona
  3519 | D:6      | Found a staircase to the Ecumenical Temple.
  3619 | D:6      | Reached skill level 5 in Unarmed Combat
  3651 | D:6      | Reached skill level 1 in Earth Magic
  3653 | D:6      | Found a shimmering altar of Xom.
  3653 | D:6      | Found a shimmering altar of Xom.
  3655 | D:6      | Found a shimmering altar of Xom.
  3655 | D:6      | Found a shimmering altar of Xom.
  3655 | D:6      | Found a shimmering altar of Xom.
  3733 | D:6      | Found a shimmering altar of Xom.
  3761 | D:6      | Noticed ig87's ghost (novice FoFi)
  3764 | D:6      | Found a runed translucent door.
  3776 | D:6      | Found a snail-covered altar of Cheibriados.
  3874 | D:6      | Found Sevvuejua's Weapon Shop.
  3897 | D:6      | Reached **** piety under Cheibriados
  3934 | D:6      | Reached XP level 9. HP: 29/61 MP: 10/10
  4017 | D:6      | Reached skill level 5 in Earth Magic
  4020 | D:6      | HP: 3/61 [centaur/arrow (10)]
  4445 | D:6      | Found a basalt altar of Yredelemnul.
  4482 | D:6      | Found an iron altar of Okawaru.
  4483 | D:6      | Found a bloodstained altar of Trog.
  4805 | D:7      | Reached skill level 5 in Spellcasting
  5155 | D:7      | Reached ***** piety under Cheibriados
  5246 | D:7      | Reached skill level 5 in Transmutations
  5366 | D:7      | Upgraded the game from 0.26.1-2-gb8aa6d0cf2 to
                  | 0.26.1-11-gd32895ea62
  5432 | D:8      | Found a flagged portal.
  5441 | Bailey   | Entered a bailey
  5620 | Bailey   | Reached XP level 10. HP: 61/66 MP: 17/17
  5702 | Bailey   | Reached skill level 5 in Evocations
  5813 | Bailey   | Slain by an orc warrior

Illustrated notes

Levels and vault maps discovered:
D:1:      zaba_arrival_water, layout_basic
D:2:      layout_rooms, nicolae_tso_swordbearing_angel, uniq_terence,
          uniq_natasha
D:3:      layout_rooms, uniq_robin, uniq_jessica
D:4:      layout_basic, minitemple, kennysheep_little_box
D:5:      layout_basic, chequers_avenue, uniq_sigmund
D:6:      layout_cave_pools, yredelemnul_forgotten_temple_becter,
          grunt_temple_overflow_bloody_war,
          minmay_temple_entry_statues_fountains, serial_shops, shop,
          basic_altar, hellmonk_ghost_happy_afterlife, xom_redecorated
D:7:      layout_rooms
D:8:      layout_loops_cross, nzn_hepliaklqana_mist_gate, david_lair_generic,
          enter_bailey_4, serial_shops, nicolae_shop_waterfront, basic_altar,
          dk_vineyard_3
Bailey:   bailey_polearm_flooded_kennysheep, bailey

Skill      XL: |  1  2  3  4  5  6  7  8  9 10 |
---------------+-------------------------------+-----
Stealth        | 7 8 |  8.0
Spellcasting   | 1 5 |  5.0
Evocations     | 1 2 3 4 5 |  5.5
Dodging        | 3 4 5 |  5.0
Unarmed Combat | 3 4 5 |  5.0
Throwing       | 2 3 |  3.0
Fighting       | 4 5 |  5.0
Hexes          | 1 2 |  2.6
Transmutations | 1 2 5 |  5.0
Earth Magic    | 4 5 |  5.0

Action                   |  1- 3 |  4- 6 |  7- 9 | 10-12 || total
-------------------------+-------+-------+-------+-------++-------
Melee: Unarmed           |    18 |    95 |    11 |       ||   124
       Constrict         |     5 |    27 |    65 |    13 ||   110
       Tentacles         |     6 |    22 |    82 |    14 ||   124
       Punch             |     1 |     5 |    15 |     1 ||    22
       Dagger            |       |     9 |   233 |    29 ||   271
Throw: Stone             |       |    23 |    11 |       ||    34
       Boomerang         |       |       |    24 |     8 ||    32
       Dart              |       |       |    18 |     9 ||    27
Invok: Slouch            |       |       |     1 |       ||     1
Evoke: Wand              |       |     4 |     5 |     1 ||    10
  Use: Scroll            |       |       |    16 |       ||    16
       Potion            |       |       |     4 |       ||     4
 Stab: Sleeping          |       |     5 |    27 |       ||    32
       Distracted        |       |     1 |       |       ||     1
       Paralysed         |       |       |     1 |       ||     1
Armor: Skin              |       |     3 |     6 |       ||     9
Dodge: Dodged            |    12 |    47 |   161 |    40 ||   260
